 Dungeon Crawl Stone Soup version 0.21.1-1-g345015fe64 (webtiles) character file.

27498 Kohma the Nimble (level 13, -7/65 HPs)
             Began as a Spriggan Venom Mage on June 25, 2018.
             Was a High Priest of Dithmenos.
             Killed from afar by an oklob plant (8 damage)
             ... with a splash of acid
             ... on level 4 of the Lair of Beasts.
             The game lasted 01:53:00 (26327 turns).

Kohma the Nimble (Spriggan Venom Mage)             Turns: 26327, Time: 01:53:00

Health: -7/65      AC: -1    Str:  5    XL:     13   Next: 4%
Magic:  20/26      EV: 25    Int: 20    God:    Dithmenos [*****.]
Gold:   851        SH: 11    Dex: 21    Spells: 14/28 levels left

rFire    . . .     SeeInvis +   a - +2 dagger (freeze)
rCold    . . .     Gourm    .   N - +0 buckler
rNeg     . . .     Faith    .   U - +2 troll leather armour
rPois    .         Spirit   .   (helmet restricted)
rElec    .         Reflect  +   A - scarf {cloud immunity}
rCorr    .         Harm     .   (gloves unavailable)
MR       ++...                  (boots unavailable)
Stlth    +++++++++.             z - +3 amulet of reflection
HPRegen  0.60/turn              T - ring of stealth
MPRegen  0.20/turn              j - +4 ring of dexterity

@: corroded, wreathed by umbra, very quick
A: very small, unfitting armour, see invisible, herbivore, speed 3, slow
metabolism 2
a: Shadow Step, Shadow Form, Renounce Religion


You were on level 4 of the Lair of Beasts.
You worshipped Dithmenos.
Dithmenos was extremely pleased with you.
You were not hungry.

You visited 3 branches of the dungeon, and saw 17 of its levels.
You also visited: Ice Cave and Volcano.

You collected 851 gold pieces.

Inventory:

Hand Weapons
 a - a +2 dagger of freezing (weapon)
 b - a +0 hand crossbow
 w - a +3 dagger
Missiles
 h - 85 bolts
 m - 303 stones (quivered)
 q - 92 arrows
 H - 2 throwing nets
Armour
 i - cursed +0 fire dragon scales
 A - a scarf of cloud immunity (worn)
 N - a +0 buckler (worn)
 U - a +2 troll leather armour (worn)
Magical Staves
 Z - an uncursed staff of wizardry
Jewellery
 j - a +4 ring of dexterity (right hand)
 v - a cursed amulet of inaccuracy {unknown}
 z - a +3 amulet of reflection (around neck)
 D - an uncursed ring of protection from fire
 T - a ring of stealth (left hand)
Wands
 n - a wand of enslavement (24)
 p - a wand of clouds (3)
 x - a wand of acid (6)
 F - a wand of digging (21)
 I - a wand of paralysis (10)
 V - a wand of disintegration (13)
Scrolls
 t - 5 scrolls of magic mapping
 u - 2 scrolls of teleportation
 y - a scroll of amnesia
 E - 5 scrolls of remove curse
 K - a scroll of fog
 S - 2 scrolls of fear
Potions
 d - 6 potions of agility
 e - 2 potions of heal wounds
 f - 6 potions of flight
 g - 4 potions of magic
 k - 3 potions of invisibility
 l - 2 potions of haste
 o - 9 potions of curing
 r - a potion of lignification {unknown}
 C - 3 potions of mutation
 G - a potion of brilliance
 J - 2 potions of berserk rage
 P - a potion of ambrosia {unknown}
 X - a potion of resistance {unknown}
 Y - a potion of cancellation {unknown}
Books
 s - a Young Poisoner's Handbook

   Spells                             Type                      Level
   a - Sting                          Conjuration/Poison           1
   b - Poisonous Vapours              Poison/Air                   2
   c - Mephitic Cloud                 Conjuration/Poison/Air       3
   d - Olgreb's Toxic Radiance        Poison                       4
   e - Venom Bolt                     Conjuration/Poison           5
 B - a book of Misfortune

   Spells                             Type                      Level
   a - Confusing Touch                Hexes                        1
   b - Confuse                        Hexes                        3
   c - Gell's Gravitas                Translocation                3
   d - Petrify                        Transmutation/Earth          4
   e - Metabolic Englaciation         Hexes/Ice                    5
   f - Yara's Violent Unravelling     Hexes/Transmutation          5
 L - a book of Changes

   Spells                             Type                      Level
   a - Beastly Appendage              Transmutation                1
   b - Sticks to Snakes               Transmutation                2
   c - Spider Form                    Transmutation/Poison         3
   d - Ice Form                       Ice/Transmutation            4
   e - Blade Hands                    Transmutation                5
Miscellaneous
 M - a lightning rod (4/4)
Comestibles
 c - 13 rations


   Skills:
 - Level 6.0 Fighting
 - Level 10.0 Short Blades
 + Level 2.9 Armour
 - Level 10.4 Dodging
 - Level 10.0 Stealth
 - Level 4.0 Shields
 - Level 8.0 Spellcasting
 - Level 3.0 Conjurations
 - Level 5.0 Hexes
 - Level 4.0 Transmutations
 - Level 4.0 Air Magic
 + Level 9.1 Poison Magic
 + Level 4.0 Invocations
 - Level 8.0 Evocations


You had 14 spell levels left.
You knew the following spells:

 Your Spells              Type           Power        Failure   Level  Hunger
b - Poisonous Vapours     Pois/Air       ####..       1%          2    None
c - Mephitic Cloud        Conj/Pois/Air  ####....     5%          3    None
d - Confuse               Hex            ####....     6%          3    None
e - Olgreb's Toxic Radia  Pois           #####...     4%          4    ###....
f - Sticks to Snakes      Tmut           ###.....     4%          2    None


Dungeon Overview and Level Annotations

Branches:
Dungeon (12/15)            Temple (1/1) D:5            Lair (4/6) D:11
 Shoals (0/4) Lair:4        Snake (0/4) Lair:4          Orc (0/2) D:9

Altars:
Ashenzari
Cheibriados
Dithmenos
Elyvilon
Fedhas
Gozag
Hepliaklqana
Kikubaaqudgha
Makhleb
Nemelex Xobeh
Okawaru
Qazlal
Ru
Sif Muna
Trog
Uskayaw
Vehumet
Wu Jian
Xom
Yredelemnul
Zin
The Shining One
Beogh

Shops:
D:6 *

Annotations:
D:8 exclusion: downstairs
D:9 DildoBatman's ghost, novice OpWz
D:12 exclusions: obsidian statue and orange crystal statue
Lair:4 exclusion: 3 oklob plants


Innate Abilities, Weirdness & Mutations

You are very small and have problems with some larger weapons.
You are too small for most types of armour.
You have supernaturally acute eyesight. (SInv)
You are a herbivore.
You cover ground extremely quickly.
You need consume almost no food.


Message History

Aim: an oklob plant (lightly damaged, umbra, chance to defeat MR: 39%)
The oklob plant resists with some effort.
The oklob plant spits acid at you. The splash of acid hits you!
You are splashed with acid!
The acid burns!
The oklob plant spits acid at you. The splash of acid misses you.
Casting: Confuse
Confirm with . or Enter, or press ? or * to list all spells.
Aiming: Confuse
Press: ? - help, Shift-Dir - straight line, f/p - oklob plant
Aim: an oklob plant (lightly damaged, umbra, chance to defeat MR: 39%)
The oklob plant appears confused.
The oklob plant spits acid at you. The splash of acid hits you!
* * * LOW HITPOINT WARNING * * *
The acid corrodes you!
You are splashed with acid!
The acid burns!
* * * LOW HITPOINT WARNING * * *
The oklob plant spits acid at you. The splash of acid hits you!
You die...

####.####....##.....###...#....#.
##.....#.....###.........P#....##
##....###.....##......P........##
##....# #....##P....###..#......#
##...## #..........## #...#....##
#.#.#####....#%.....# #..#..##.##
#.#.###.P....##.P.P##P#..........
..............#!.$.#P............
..#.########.##)@$%###...###.####
##### ####P.?$# ##### ### #(PP?#
######


You could see 3 oklob plants.

Vanquished Creatures
  Josephine (Lair:4)
  The ghost of LilDood the Cleaver, a journeyman HOFi of Beogh (D:12)
  2 hydras (Lair:3)
  2 catoblepae
  A two-headed ogre (D:10)
  A hell knight (Volcano)
  A salamander mystic (Volcano)
  Pikel (D:4)
  3 oklob plants
  2 centaur zombies
  3 salamanders (Volcano)
  A black mamba (Lair:3)
  A centaur skeleton (D:10)
  A gargoyle (D:12)
  2 spiny frogs
  2 komodo dragons
  An ice devil (IceCv)
  2 trolls
  A polar bear (Lair:3)
  4 hippogriffs
  10 blink frogs
  Grinder (D:6)
  13 yaks
  A shadow (D:11)
  4 wraiths (Lair:4)
  A basilisk (Lair:4)
  11 fire bats (Volcano)
  A hungry ghost (D:10)
  Eustachio (D:6)
  4 nagas (Lair:4)
  A soldier ant (D:10)
  7 water moccasins
  Edmund (D:6)
  6 porcupines
  4 black bears
  5 orc warriors
  A slave (D:4)
  3 ice beasts
  2 phantoms (D:6)
  A wolf (Lair:3)
  3 ogres
  2 centaurs
  6 crocodiles
  10 bullfrogs
  4 big kobolds
  A wyvern skeleton (D:10)
  2 scorpions
  6 killer bees (D:9)
  6 wights
  12 howler monkeys
  7 lava snakes (Volcano)
  3 crimson imps
  A quasit (D:11)
  A bullfrog zombie (D:11)
  4 orc priests
  5 orc wizards
  5 hounds
  Crazy Yiuf (D:7)
  4 jellies
  3 bullfrog skeletons
  A gnoll shaman (D:9)
  3 iguanas
  17 worker ants
  21 gnolls
  A howler monkey zombie (D:5)
  8 adders
  A worker ant zombie (D:6)
  A shadow imp (D:12)
  7 oozes
  3 worms
  4 dart slugs
  4 leopard geckos
  35 orcs
  3 ball pythons
  4 bats
  11 giant cockroaches
  9 goblins
  7 hobgoblins
  A quokka (D:3)
  2 frilled lizards
  29 kobolds
  A quokka skeleton (D:5)
  4 rats
  A spectral orc (D:9)
  A plant (D:11)
376 creatures vanquished.

Vanquished Creatures (collateral kills)
  An orc priest (D:9)
  An orc (D:9)
2 creatures vanquished.

Vanquished Creatures (others)
  An adder skeleton (D:4)
  A fungus (Lair:3)
  2 plants (Lair:4)
4 creatures vanquished.

Grand Total: 382 creatures vanquished

Notes
Turn   | Place    | Note
-------+----------+-------------------------------------------
     0 | D:1      | Kohma the Spriggan Venom Mage began the quest for the Orb.
     0 | D:1      | Reached XP level 1. HP: 9/9 MP: 5/5
   333 | D:1      | Reached XP level 2. HP: 13/13 MP: 0/6
   339 | D:1      | Learned a level 2 spell: Poisonous Vapours
   486 | D:1      | Reached skill level 1 in Conjurations
  1333 | D:2      | Reached XP level 3. HP: 12/16 MP: 0/8
  1886 | D:2      | Found a hide-covered altar of Uskayaw.
  2132 | D:2      | Found a faded altar of an unknown god.
  2518 | D:3      | Reached XP level 4. HP: 21/21 MP: 2/9
  2672 | D:3      | Reached skill level 1 in Air Magic
  3007 | D:3      | Reached XP level 5. HP: 20/24 MP: 0/10
  3944 | D:3      | Learned a level 3 spell: Mephitic Cloud
  3948 | D:3      | Learned a level 3 spell: Confuse
  4001 | D:4      | Found a shattered altar of Ashenzari.
  4599 | D:4      | Reached skill level 5 in Dodging
  4599 | D:4      | Reached XP level 6. HP: 28/28 MP: 6/11
  4662 | D:4      | Reached skill level 5 in Poison Magic
  4694 | D:4      | Noticed a slave
  4700 | D:4      | Noticed a slave
  4702 | D:4      | Noticed a slave
  4734 | D:4      | Killed a slave
  4898 | D:4      | Noticed Pikel
  4900 | D:4      | Noticed a slave
  4917 | D:4      | Killed Pikel
  4917 | D:4      | Reached XP level 7. HP: 32/32 MP: 2/14
  5183 | D:5      | Entered Level 5 of the Dungeon
  5601 | D:4      | Learned a level 4 spell: Olgreb's Toxic Radiance
  6303 | D:5      | Found a staircase to the Ecumenical Temple.
  6389 | Temple   | Entered the Ecumenical Temple
  6532 | D:5      | Reached XP level 8. HP: 36/36 MP: 0/16
  6863 | D:5      | Reached skill level 5 in Spellcasting
  7297 | D:6      | Found Waumatt's General Store.
  7316 | D:6      | Found an ornate altar of the Wu Jian Council.
  7350 | D:6      | Noticed Eustachio
  7354 | D:6      | Noticed Grinder
  7396 | D:6      | Killed Eustachio
  8377 | D:6      | Noticed Edmund
  8390 | D:6      | Killed Edmund
  8390 | D:6      | Reached skill level 1 in Hexes
  8691 | D:6      | Reached skill level 5 in Stealth
  8887 | D:6      | Found a shadowy altar of Dithmenos.
  8996 | D:6      | Paralysed by Grinder for 5 turns
  9271 | D:6      | Paralysed by Grinder for 4 turns
  9276 | D:6      | Killed Grinder
  9276 | D:6      | Reached XP level 9. HP: 29/39 MP: 18/20
  9607 | D:6      | Became a worshipper of Dithmenos the Shadowed
  9655 | D:7      | Found a deep blue altar of Sif Muna.
  9655 | D:7      | Found an opulent altar of Gozag.
 10455 | D:7      | Reached * piety under Dithmenos
 11018 | D:7      | Found a sparkling altar of Nemelex Xobeh.
 11420 | D:7      | Found a runed door.
 11424 | D:7      | Noticed Crazy Yiuf
 11435 | D:7      | Killed Crazy Yiuf
 12015 | D:8      | Learned a level 2 spell: Sticks to Snakes
 12583 | D:8      | Reached skill level 5 in Hexes
 12583 | D:8      | Reached XP level 10. HP: 39/44 MP: 17/23
 12890 | D:9      | Reached skill level 10 in Stealth
 13074 | D:9      | Reached ** piety under Dithmenos
 13195 | D:9      | Found a staircase to the Orcish Mines.
 13196 | D:9      | Noticed DildoBatman's ghost (novice OpWz)
 13338 | D:9      | Reached skill level 1 in Short Blades
 13605 | D:9      | Found a basalt altar of Yredelemnul.
 14057 | D:9      | Found a roughly hewn altar of Beogh.
 14116 | D:9      | Reached skill level 1 in Fighting
 14516 | D:9      | Reached skill level 1 in Shields
 15304 | D:10     | Entered Level 10 of the Dungeon
 15876 | D:10     | Reached *** piety under Dithmenos
 16288 | D:10     | Noticed a two-headed ogre
 16315 | D:10     | Killed a two-headed ogre
 16315 | D:10     | Reached skill level 10 in Dodging
 17079 | D:11     | Found a frozen archway.
 17141 | D:11     | Reached XP level 11. HP: 52/52 MP: 22/24
 17202 | IceCv    | Entered an ice cave
 17580 | D:11     | Noticed an oklob plant
 17585 | D:11     | Found a staircase to the Lair.
 17595 | D:11     | Killed an oklob plant
 18412 | D:12     | Reached skill level 1 in Transmutations
 18538 | D:12     | Reached skill level 5 in Short Blades
 18814 | D:12     | Found a shimmering altar of Xom.
 19264 | D:12     | Noticed an orange crystal statue
 19264 | D:12     | Noticed an obsidian statue
 19443 | D:12     | Noticed a two-headed ogre
 19566 | D:12     | Noticed LilDood's ghost (journeyman HOFi)
 19589 | D:12     | Killed LilDood's ghost
 19711 | D:12     | Noticed a six-headed hydra
 19906 | D:12     | Noticed a two-headed ogre
 20090 | Lair:1   | Entered Level 1 of the Lair of Beasts
 20437 | Lair:1   | Reached skill level 5 in Fighting
 20446 | Lair:1   | Found an ornate altar of the Wu Jian Council.
 20446 | Lair:1   | Noticed an oklob plant
 20579 | Lair:1   | Killed an oklob plant
 20579 | Lair:1   | Reached skill level 1 in Evocations
 22266 | Lair:2   | Reached **** piety under Dithmenos
 22277 | Lair:2   | Reached XP level 12. HP: 60/60 MP: 7/25
 22741 | Lair:3   | Noticed a catoblepas
 22748 | Lair:3   | Killed a catoblepas
 22748 | Lair:3   | Reached skill level 5 in Evocations
 22808 | Lair:3   | Noticed a seven-headed hydra
 22818 | Lair:3   | Killed a seven-headed hydra
 22855 | Lair:3   | Found a dark tunnel.
 22863 | Volcano  | Entered a volcano
 23116 | Volcano  | Found a burning altar of Makhleb.
 23501 | Volcano  | Reached skill level 10 in Short Blades
 23894 | Volcano  | Reached ***** piety under Dithmenos
 24083 | Lair:3   | Noticed a seven-headed hydra
 24100 | Lair:3   | Killed a seven-headed hydra
 24100 | Lair:3   | Reached skill level 1 in Armour
 24100 | Lair:3   | Reached skill level 1 in Invocations
 24620 | Lair:3   | Found a radiant altar of Vehumet.
 25064 | Lair:4   | Noticed Josephine
 25104 | Lair:4   | Killed Josephine
 25463 | Lair:4   | Noticed a catoblepas
 25541 | Lair:4   | Killed a catoblepas
 25706 | Lair:4   | Found a staircase to the Snake Pit.
 25733 | Lair:4   | Reached XP level 13. HP: 65/65 MP: 19/26
 25831 | Lair:4   | Found a staircase to the Shoals.
 26327 | Lair:4   | HP: 1/65 [acid (14)]
 26327 | Lair:4   | Killed from afar by an oklob plant

Skill      XL: |  1  2  3  4  5  6  7  8  9 10 11 12 13 |
---------------+----------------------------------------+-----
Conjurations   | 1 3 |  3.0
Dodging        | 4 5 6 8 10 | 10.4
Poison Magic   | 4 6 7 8 9 |  9.1
Air Magic      | 1 2 3 4 |  4.0
Spellcasting   | 3 4 6 8 |  8.0
Hexes          | 2 5 |  5.0
Stealth        | 5 9 10 | 10.0
Short Blades   | 4 7 10 | 10.0
Fighting       | 3 5 6 |  6.0
Shields        | 3 4 |  4.0
Transmutations | 4 |  4.0
Evocations     | 4 8 |  8.0
Armour         | 2 |  2.9
Invocations    | 3 4 |  4.0

Action                   |  1- 3 |  4- 6 |  7- 9 | 10-12 | 13-15 || total
-------------------------+-------+-------+-------+-------+-------++-------
Melee: Dagger            |     5 |    17 |   273 |   633 |    15 ||   943
       Staff             |       |       |     1 |       |       ||     1
Throw: Stone             |       |       |       |     9 |       ||     9
 Cast: Sting             |    38 |    23 |    44 |     1 |       ||   106
       Poisonous Vapours |    44 |    63 |   212 |   276 |     3 ||   598
       Mephitic Cloud    |       |       |     8 |    12 |       ||    20
       Confuse           |       |       |    10 |   122 |     3 ||   135
       Olgreb's Toxic Ra |       |       |       |     7 |       ||     7
       Sticks to Snakes  |       |       |       |    16 |       ||    16
Invok: Shadow Step       |       |       |       |     2 |       ||     2
Evoke: Wand              |       |       |    11 |     1 |       ||    12
  Use: Scroll            |       |     6 |    13 |    16 |       ||    35
       Potion            |       |       |       |     3 |       ||     3
 Stab: Sleeping          |     1 |       |     2 |    32 |     3 ||    38
       Confused          |       |       |     3 |    54 |     1 ||    58
       Distracted        |       |       |       |     1 |     1 ||     2
  Eat: Ration            |     1 |     3 |     5 |     6 |     1 ||    16
Armor: Robe              |     3 |     2 |    15 |     6 |       ||    26
       Troll leather arm |       |       |       |    14 |       ||    14
Dodge: Dodged            |    28 |    28 |   222 |   327 |     4 ||   609
Block: Other             |       |     1 |    23 |     2 |       ||    26
       Reflection        |       |       |     1 |     5 |       ||     6
       Buckler           |       |       |       |   194 |     1 ||   195
